[ AOE2 MATCH · #513476185 ]
UnrankedBulgarians vs Teutons
Player's team · LOSS
Rival team · WIN
[ REPLAY ANALYSIS · EXTRACTED FROM THE RECORDED GAME ]
Feudal
10:51
Castle
—
Imperial
—
| APM avg | 38.4 |
| APM peak | 88 |
| eAPM avg | 20.0 |
| Villagers / military | 33 / 5 |
Focus
⚔️ 29.2% · 🌾 70.8%
Militia ×5
Feudal
9:00
Castle
—
Imperial
—
| APM avg | 43.4 |
| APM peak | 84 |
| eAPM avg | 19.5 |
| Villagers / military | 43 / 0 |
Focus
⚔️ 32.4% · 🌾 67.6%
Match map
Initial resources + every placement click. Lines = walls · curves = elevation contours. ◆ gold · ⬟ stone · ● berries · ✦ relic · ◌ wall gap
Your base· ✓ Closed at 12:00 · 0t walls · 1 gate(s)
~BroKen~'s base· ✓ Closed at 12:00 · 24t walls · no gate
Smoothed initial terrain · ◌ = detected wall gap · hover for details
Inputs per minute
— Combi | Paloma 52 - - ~BroKen~
Build order — Combi | Paloma 52
65 actions detected in the replay
| 0:00 | Queue | Villager (Male) |
| 0:00 | Queue | Villager (Male) |
| 0:00 | Queue | Villager (Male) |
| 0:01 | Queue | Villager (Male) |
| 0:02 | Build | House |
| 0:07 | Build | House |
| 1:28 | Build | Lumber Camp |
| 1:29 | Queue | Villager (Male) |
| 1:29 | Queue | Villager (Male) |
| 2:34 | Queue | Villager (Male) |
| 2:34 | Queue | Villager (Male) |
| 2:35 | Queue | Villager (Male) |
| 2:51 | Queue | Villager (Male) |
| 2:51 | Queue | Villager (Male) |
| 3:48 | Queue | Villager (Male) |
| 4:05 | Queue | Villager (Male) |
| 4:19 | Build | House |
| 4:22 | Queue | Villager (Male) |
| 4:36 | Queue | Villager (Male) |
| 4:40 | Build | Barracks |
| 4:59 | Queue | Villager (Male) |
| 5:04 | Queue | Villager (Male) |
| 5:07 | Build | House |
| 5:19 | Queue | Villager (Male) |
| 5:58 | Queue | Militia |
| 5:58 | Queue | Militia |
| 5:58 | Queue | Militia |
| 6:07 | Build | Mill |
| 6:13 | Build | Palisade Gate |
| 6:29 | Build | House |
| 6:36 | Queue | Militia |
| 6:39 | Queue | Villager (Male) |
| 6:50 | Queue | Militia |
| 7:01 | Queue | Villager (Male) |
| 7:47 | Build | Farm |
| 7:57 | Build | Farm |
| 8:41 | Research | Feudal Age |
| 9:13 | Build | Mining Camp |
| 10:27 | Build | House |
| 10:51 | Age | Feudal Age |
| 10:58 | Build | Watch Tower |
| 11:03 | Build | Watch Tower |
| 11:11 | Build | House |
| 11:14 | Queue | Villager (Male) |
| 11:14 | Queue | Villager (Male) |
| 11:15 | Research | Loom |
| 11:18 | Queue | Villager (Male) |
| 11:25 | Build | Blacksmith |
| 12:16 | Queue | Villager (Male) |
| 12:17 | Queue | Villager (Male) |
| 12:32 | Build | Watch Tower |
| 12:49 | Queue | Villager (Male) |
| 12:56 | Queue | Villager (Male) |
| 12:56 | Queue | Villager (Male) |
| 13:09 | Build | Watch Tower |
| 14:25 | Queue | Villager (Male) |
| 14:25 | Queue | Villager (Male) |
| 14:34 | Build | Market |
| 15:27 | Queue | Villager (Male) |
| 15:30 | Research | Fletching |
| 15:31 | Research | Fletching |
| 15:45 | Queue | Villager (Male) |
| 16:07 | Build | Watch Tower |
| 16:12 | Queue | Villager (Male) |
| 17:32 | Build | Palisade Gate |
Build order — ~BroKen~
96 actions detected in the replay
| 0:01 | Queue | Villager (Male) |
| 0:01 | Queue | Villager (Male) |
| 0:02 | Queue | Villager (Male) |
| 0:02 | Build | House |
| 0:05 | Build | House |
| 0:18 | Queue | Villager (Male) |
| 1:40 | Queue | Villager (Male) |
| 1:49 | Queue | Villager (Male) |
| 2:18 | Build | Lumber Camp |
| 2:40 | Queue | Villager (Male) |
| 2:40 | Queue | Villager (Male) |
| 3:00 | Queue | Villager (Male) |
| 3:14 | Queue | Villager (Male) |
| 3:14 | Queue | Villager (Male) |
| 4:07 | Queue | Villager (Male) |
| 4:07 | Queue | Villager (Male) |
| 4:07 | Queue | Villager (Male) |
| 4:13 | Build | House |
| 4:14 | Build | House |
| 4:35 | Queue | Villager (Male) |
| 4:35 | Queue | Villager (Male) |
| 4:35 | Queue | Villager (Male) |
| 4:57 | Build | Palisade Wall |
| 5:01 | Queue | Villager (Male) |
| 5:17 | Build | Mining Camp |
| 5:42 | Build | Palisade Wall |
| 5:43 | Build | Palisade Wall |
| 5:44 | Build | Palisade Wall |
| 6:18 | Research | Loom |
| 6:47 | Research | Feudal Age |
| 7:41 | Queue | Villager (Male) |
| 7:42 | Queue | Villager (Male) |
| 8:31 | Build | Palisade Wall |
| 8:36 | Queue | Villager (Male) |
| 8:36 | Queue | Villager (Male) |
| 8:37 | Queue | Villager (Male) |
| 9:00 | Age | Feudal Age |
| 9:01 | Build | Watch Tower |
| 9:03 | Build | Palisade Wall |
| 9:05 | Build | Palisade Wall |
| 9:09 | Build | Palisade Wall |
| 9:10 | Build | Palisade Wall |
| 9:12 | Build | Palisade Wall |
| 9:14 | Build | Palisade Wall |
| 9:19 | Build | Palisade Wall |
| 9:22 | Build | Palisade Wall |
| 9:24 | Build | Palisade Wall |
| 9:25 | Build | Palisade Wall |
| 9:26 | Build | Palisade Wall |
| 9:34 | Build | Palisade Wall |
| 9:44 | Queue | Villager (Male) |
| 9:44 | Queue | Villager (Male) |
| 9:45 | Queue | Villager (Male) |
| 9:49 | Build | Blacksmith |
| 9:50 | Build | House |
| 10:04 | Build | Watch Tower |
| 10:25 | Queue | Villager (Male) |
| 10:39 | Research | Fletching |
| 10:40 | Queue | Villager (Male) |
| 11:00 | Queue | Villager (Male) |
| 11:00 | Queue | Villager (Male) |
| 11:14 | Build | House |
| 11:21 | Build | Watch Tower |
| 11:27 | Queue | Villager (Male) |
| 11:27 | Queue | Villager (Male) |
| 11:38 | Build | House |
| 12:26 | Build | House |
| 12:30 | Build | Watch Tower |
| 12:53 | Queue | Villager (Male) |
| 12:58 | Build | House |
| 13:47 | Queue | Villager (Male) |
| 13:47 | Queue | Villager (Male) |
| 13:49 | Build | Mill |
| 14:27 | Build | Palisade Wall |
| 14:38 | Build | Watch Tower |
| 15:01 | Queue | Villager (Male) |
| 15:06 | Build | Watch Tower |
| 15:20 | Build | Outpost |
| 15:50 | Build | Watch Tower |
| 16:01 | Queue | Villager (Male) |
| 16:03 | Build | Farm |
| 16:06 | Queue | Villager (Male) |
| 16:31 | Build | Farm |
| 16:35 | Build | Watch Tower |
| 16:41 | Queue | Villager (Male) |
| 16:49 | Build | Outpost |
| 17:23 | Queue | Villager (Male) |
| 17:23 | Queue | Villager (Male) |
| 17:24 | Build | Farm |
| 17:25 | Build | Farm |
| 17:50 | Build | Palisade Wall |
| 17:51 | Build | Palisade Wall |
| 17:52 | Build | Palisade Wall |
| 18:02 | Queue | Villager (Male) |
| 18:03 | Queue | Villager (Male) |
| 18:05 | Build | Farm |
Match timeline
| 4:40 | Combi | Paloma 52 · first_building Barracks |
| 4:57 | ~BroKen~ · wall_segment Palisade Wall x10 |
| 5:42 | ~BroKen~ · wall_segment Palisade Wall x1 |
| 5:43 | ~BroKen~ · wall_segment Palisade Wall x1 |
| 5:44 | ~BroKen~ · wall_segment Palisade Wall x1 |
| 8:31 | ~BroKen~ · wall_segment Palisade Wall x1 |
| 9:00 | ~BroKen~ · age_up feudal |
| 9:03 | ~BroKen~ · wall_segment Palisade Wall x1 |
| 9:05 | ~BroKen~ · wall_segment Palisade Wall x1 |
| 9:09 | ~BroKen~ · wall_segment Palisade Wall x1 |
| 9:10 | ~BroKen~ · wall_segment Palisade Wall x1 |
| 9:12 | ~BroKen~ · wall_segment Palisade Wall x1 |
| 9:14 | ~BroKen~ · wall_segment Palisade Wall x1 |
| 9:19 | ~BroKen~ · wall_segment Palisade Wall x1 |
| 9:22 | ~BroKen~ · wall_segment Palisade Wall x1 |
| 9:24 | ~BroKen~ · wall_segment Palisade Wall x1 |
| 9:25 | ~BroKen~ · wall_segment Palisade Wall x1 |
| 9:26 | ~BroKen~ · wall_segment Palisade Wall x1 |
| 9:34 | ~BroKen~ · wall_segment Palisade Wall x1 |
| 10:51 | Combi | Paloma 52 · age_up feudal |
| 14:27 | ~BroKen~ · wall_segment Palisade Wall x4 |
| 15:19 | Combi | Paloma 52 · first_market_sell 100 wood |
| 17:50 | ~BroKen~ · wall_segment Palisade Wall x1 |
| 17:51 | ~BroKen~ · wall_segment Palisade Wall x1 |
| 17:52 | ~BroKen~ · wall_segment Palisade Wall x1 |
| 18:12 | Combi | Paloma 52 · resign |
[ AI ANALYSIS · 1 CREDIT ]
What really happened in this match?
Wolo.gg analyzes every decision: build order, eco, micro, common mistakes by bracket. Personalized analysis on WhatsApp or Discord in 30 seconds.
Civ guide
Bulgarians
Perfil
Jugador #2983505